 Dungeon Crawl Stone Soup version 0.23-a0-109-g5e4b187 (webtiles) character file.

16 Amnesiac the Magician (level 2, 0/19 HPs)
             Began as a Mummy Air Elementalist on Aug 22, 2018.
             Slain by a worm (11 damage)
             ... on level 2 of the Dungeon.
             The game lasted 00:04:58 (753 turns).

Amnesiac the Magician (Mummy Air Elementalist)       Turns: 753, Time: 00:04:59

Health: 0/19       AC:  2    Str: 11    XL:     2   Next: 37%
Magic:  0/6        EV: 12    Int: 14    God:
Gold:   21         SH:  0    Dex: 12    Spells: 6/7 levels left

rFire    x . .     SeeInvis .   (no weapon)
rCold    + . .     Gourm    .   (no shield)
rNeg     + + +     Faith    .   a - +0 robe
rPois    ∞         Spirit   .   (no helmet)
rElec    .         Reflect  .   (no cloak)
rCorr    .         Harm     .   (no gloves)
MR       .....                  (no boots)
Stlth    ++........             (no amulet)
HPRegen  0.06/turn              (no ring)
MPRegen  0.10/turn              (no ring)

@: no status effects
A: no food or potions, fire vulnerability, cold resistance 1, negative energy
resistance 3, torment resistance, unbreathing
a: no special abilities


You were on level 2 of the Dungeon.
You were not hungry.

You visited 1 branch of the dungeon, and saw 2 of its levels.

You collected 21 gold pieces.

Inventory:

Armour
 a - a +0 robe (worn)
Scrolls
 b - a scroll of enchant armour {!r, unknown}
 c - a scroll of immolation {!r, unknown}
 d - a scroll of blinking {!r, unknown}


   Skills:
 - Level 1.5 Dodging
 - Level 1.5 Stealth
 + Level 3.0 Spellcasting
 - Level 0.7 Conjurations
 * Level 3.0 Air Magic


You had 6 spell levels left.
You knew the following spells:

 Your Spells              Type           Power        Failure   Level  Hunger
a - Shock                 Conj/Air       #...         10%         1    N/A

Your spell library contained the following spells:

 Spells                   Type           Power        Failure   Level  Hunger
 Swiftness                Chrm/Air       #.......     17%         2    N/A
 Static Discharge         Conj/Air       #.......     30%         3    N/A
 Airstrike                Air            ##........   52%         4    N/A
 Lightning Bolt           Conj/Air       #.........   95%         5    N/A

Dungeon Overview and Level Annotations

Branches:
Dungeon (2/15)

Altars:


Innate Abilities, Weirdness & Mutations

You do not eat or drink.
Your flesh is vulnerable to fire.
You are immune to poison.
Your flesh is cold resistant. (rC+)
You are immune to negative energy. (rN+++)
You are immune to unholy pain and torment.
You can survive without breathing.


Message History

Confirm with . or Enter, or press ? or * to list all spells.
Aiming: Shock (safe; 10% risk of failure)
Press: ? - help, Shift-Dir - straight line, f - kobold
Aim: a kobold (unusually agile)
The zap hits the kobold.
The kobold appears unharmed.
The zap misses the kobold.
The kobold hits you but does no damage.
Unknown command.
Casting: Shock (safe; 10% risk of failure)
Confirm with . or Enter, or press ? or * to list all spells.
Aiming: Shock (safe; 10% risk of failure)
Press: ? - help, Shift-Dir - straight line, f/p - kobold
Aim: a kobold (unusually agile)
The zap misses the kobold. x2; The kobold barely misses you.
Casting: Shock (safe; 10% risk of failure)
Confirm with . or Enter, or press ? or * to list all spells.
Aiming: Shock (safe; 10% risk of failure)
Press: ? - help, Shift-Dir - straight line, f/p - kobold
Aim: a kobold (unusually agile)
The zap misses the kobold. x2; The zap hits the worm.
The worm is moderately wounded.
The zap hits the worm.
The worm is moderately wounded.
The kobold hits you but does no damage.
Casting: Shock (safe; 10% risk of failure)
Confirm with . or Enter, or press ? or * to list all spells.
Aiming: Shock (safe; 10% risk of failure)
Press: ? - help, Shift-Dir - straight line, f/p - kobold
Aim: a kobold (unusually agile)
The zap hits the kobold.
The kobold appears unharmed.
The zap misses the kobold.
The zap hits the worm.
The worm is heavily wounded.
The zap hits the worm.
The worm is heavily wounded.
The kobold closely misses you. The worm misses you.
Casting: Shock (safe; 10% risk of failure)
Confirm with . or Enter, or press ? or * to list all spells.
Aiming: Shock (safe; 10% risk of failure)
Press: ? - help, Shift-Dir - straight line, f/p - kobold
Aim: a kobold (unusually agile)
The zap hits the kobold.
You kill the kobold!
The zap hits the worm.
The worm is severely wounded.
The zap hits the worm.
The worm is severely wounded.
Casting: Shock (safe; 10% risk of failure)
Confirm with . or Enter, or press ? or * to list all spells.
Aiming: Shock (safe; 10% risk of failure)
Press: ? - help, Shift-Dir - straight line, f - worm
Aim: a worm (severely wounded)
The zap hits the worm.
The worm is almost dead.
The worm closely misses you.
Casting: Shock (safe; 10% risk of failure)
Confirm with . or Enter, or press ? or * to list all spells.
You don't have enough magic to cast that spell.
The worm bites you.
Things that are here:
a scroll labeled HUCSYTWOQI {!r}; 2 gold pieces; a hobgoblin corpse
d - a scroll labeled HUCSYTWOQI {!r} You now have 21 gold pieces (gained 2).
The worm bites you!
Ouch! That really hurt!
You die...

##.# #... #..####
#..... #....
#.####...####.#
#.............#
.############### #.(.#
...........<.@†####...#
##############w......†#
######..## ##.# #.# #.#
#.# #.#


You could see a worm.

Vanquished Creatures
  A giant cockroach (D:1)
  4 hobgoblins
  A quokka (D:2)
  4 bats
  A frilled lizard (D:1)
  A goblin (D:1)
  2 kobolds (D:2)
  2 rats (D:1)
16 creatures vanquished.

Notes
Turn   | Place    | Note
-------+----------+-------------------------------------------
     0 | D:1      | Amnesiac the Mummy Air Elementalist began the quest for the Orb.
     0 | D:1      | Reached XP level 1. HP: 13/13 MP: 4/4
   131 | D:2      | Noticed an ice beast
   541 | D:1      | Reached XP level 2. HP: 19/19 MP: 0/5
   753 | D:2      | Slain by a worm

Vault maps used:
D:1:      wheals_arrival_linesprint, minmay_pentomino_p4

Skill      XL: |  1  2 |
---------------+-------+-----
Spellcasting   | 3 |  3.0
Air Magic      | 3 |  3.0
Dodging        | |  1.5
Stealth        | |  1.5
Conjurations   | |  0.7

Action                   || total
-------------------------++-------
Melee: Unarmed           ||     7
 Cast: Shock             ||    33
Armor: Robe              ||    11
Dodge: Dodged            ||    26

Table legend:
 A = Non-vault XP
 B = Vault XP
 C = Vault XP percentage of total XP
 D = Non-vault monster count
 E = Vault monster count
 F = Vault count percentage of total count
                 A         B        C        D         E       F
            +---------+---------+-------+---------+---------+-------
      Total |      18 |       5 |  21.7 |      13 |       3 |  18.8
            +---------+---------+-------+---------+---------+-------
        D:1 |      11 |       5 |  31.2 |       8 |       3 |  27.3
        D:2 |       7 |       0 |   0.0 |       5 |       0 |   0.0
            +---------+---------+-------+---------+---------+-------
